 Dungeon Crawl Stone Soup version 0.32-a0-900-g30fb1b0edc (webtiles) character file.

Game seed: 16337780208959197185

7074 Nattefrost the Spear-Bearer (level 10, 0/94 HPs)
             Began as a Minotaur Gladiator on Apr 5, 2024.
             Was a High Priest of Fedhas.
             Incinerated by a smoke demon (9 damage)
             ... with a pyre arrow
             ... on level 9 of the Dungeon.
             The game lasted 00:12:28 (8377 turns).

Nattefrost the Spear-Bearer (Minotaur Gladiator)    Turns: 8377, Time: 00:12:28

Health: 0/94       AC: 13    Str: 26 (27) XL:     10   Next: 84%
Magic:  14/14      EV: 14    Int:  4      God:    Fedhas [*****.]
Gold:   0          SH:  0    Dex: 11      Spells: 9/9 levels left

rFire   . . .        a - +0 trident
rCold   . . .        (no shield)
rNeg    . . .        o - +0 chain mail
rPois   .            c - +0 hat
rElec   +            k - +0 cloak
rCorr   +            l - +0 pair of gloves
SInv    .            (no boots)
Will    .....        s - amulet of the acrobat Stlth
                     f - +5 ring of evasion
HPRegen 0.35/turn    r - ring of resist corrosion
MPRegen 0.14/turn

%: acrobat
@: on fire, spiked, glowing
A: horns 2, retaliatory headbutt, deterioration 1, electricity resistance,
strong 1
a: Renounce Religion, Wall of Briars, Grow Ballistomycete, Overgrow, Grow Oklob


You were on level 9 of the Dungeon.
You worshipped Fedhas.
Fedhas was extremely pleased with you.
You visited 1 branch of the dungeon, and saw 9 of its levels.
You also visited: Ossuary.

You collected 117 gold pieces.
You spent 117 gold pieces at shops.

Inventory:

Hand Weapons
 a - a +0 trident (weapon)
Missiles
 e - a javelin
Armour
 c - a +0 hat (worn)
 k - a +0 cloak (worn)
 l - a +0 pair of gloves (worn)
 o - a +0 chain mail (worn)
Jewellery
 f - a +5 ring of evasion (left hand)
 r - a ring of resist corrosion (right hand)
 s - an amulet of the acrobat (around neck)
Wands
 m - a wand of charming (6)
 u - a wand of roots (11)
Scrolls
 g - 3 scrolls of revelation
 j - 2 scrolls of amnesia
 p - a scroll of immolation
 t - 11 scrolls of teleportation
 x - 2 scrolls of poison
 y - 2 scrolls of fog
 B - a scroll of torment
Potions
 b - 2 potions of mutation
 h - a potion of haste
 i - 3 potions of enlightenment
 n - a potion of resistance
 q - 4 potions of curing
 v - a potion of attraction
 z - a potion of magic {unknown}
 A - 2 potions of cancellation


   Skills:
 + Level 10.3 Fighting
 + Level 12.0 Polearms
 - Level 2.0 Throwing
 - Level 8.0 Armour
 - Level 5.0 Dodging
 + Level 7.6 Invocations


You had 9 spell levels left.
You didn't know any spells.
Your spell library contained the following spells:

 Spells                   Type           Power      Damage    Failure   Level
 Foxfire                  Conj/Fire      0%         2x1d4     94%         1
 Ensorcelled Hibernation  Hex/Ice        0%         N/A       98%         2
 Fugue of the Fallen      Necr           0%         N/A       100%        3
 Sigil of Binding         Hex            0%         N/A       100%        3
 Tukima's Dance           Hex            0%         N/A       100%        3
 Anguish                  Hex/Necr       0%         N/A       100%        4
 Passage of Golubria      Tloc           0%         N/A       100%        4
 Yara's Violent Unravell  Hex/Alch       0%         3d3       100%        5
 Death Channel            Necr           0%         N/A       100%        6
 Plasma Beam              Fire/Air       0%         2x1d10    100%        6
 Sculpt Simulacrum        Ice/Alch       0%         N/A       100%        6
 Starburst                Conj/Fire      0%         6d3       100%        6


Dungeon Overview and Level Annotations

Branches:
Dungeon (9/15)             Temple (0/1) D:6         Ossuary (visited)
   Lair: D:8-11         Orc: D:9-12

Altars:
Elyvilon
Fedhas
Hepliaklqana
Kikubaaqudgha
Okawaru
Sif Muna
Wu Jian

Shops:
D:2 (   D:4 :*   D:6 ((!

Annotations:
D:7 2 transporters, Pim's ghost, novice HuIE


Innate Abilities, Weirdness & Mutations

You have a pair of horns on your head.
You reflexively headbutt those who attack you in melee.
Your body sometimes deteriorates upon taking damage.
You are resistant to electric shocks. (rElec)
Your muscles are strong. (Str +4, Int/Dex -1)


Message History

The smoke demon disappears in a puff of smoke!
The sun demon disappears in a puff of smoke!
The red devil disappears in a puff of smoke!
The shadow imp disappears in a puff of smoke! x2
The liquid fire burns you!
Your body deteriorates!
You feel weakened.
The kobold hits you but does no damage. x2
Your Polearms skill increases to level 12!
You barely miss the kobold.
The kobold is heavily wounded.
The liquid fire burns you! The kobold misses you.
You miss the kobold.
The kobold is heavily wounded.
The liquid fire burns you!
* * * LOW HITPOINT WARNING * * *
The kobold hits you but does no damage.
You miss the kobold. Your headbutt misses the kobold.
The kobold is heavily wounded.
The liquid fire burns you!
* * * LOW HITPOINT WARNING * * *
The kobold hits you but does no damage. The kobold misses you.
You puncture the kobold!
You kill the kobold!
Fedhas appreciates your contribution to the ecosystem.
The liquid fire burns you!
* * * LOW HITPOINT WARNING * * *
The kobold barely misses you.
You puncture the kobold!
You kill the kobold!
Fedhas appreciates your contribution to the ecosystem.
The liquid fire burns you!
* * * LOW HITPOINT WARNING * * *
Okay, then.
You feel better. The liquid fire burns you!
* * * LOW HITPOINT WARNING * * *
You feel better. The liquid fire burns you!
You die...
Fedhas appreciates your contribution to the ecosystem.

#........# ....
#......... ....##
#.......#
♣♣...###......##
♣P...##........
#♣...#.......#
+.......#).).###.#
#♣......#)@)......
+#♣P.......)))......
♣..P...####.........
♣.###...####.(......
##K.K###........
#P..K..........
##P))...........
#PPK...........#
PPPP....#..#....#


There were no monsters in sight!

Vanquished Creatures
  A two-headed ogre (D:8)
  Pikel (D:4)
  Maurice (D:9)
  Joseph (D:7)
  A kobold demonologist (D:9)
  Psyche (D:8)
  The ghost of basamash the Chopper, an amateur MDFi (D:5)
  A hornet (D:5)
  A wyvern (D:8)
  5 yaks
  A steam dragon (D:6)
  2 orc warriors
  2 sky beasts
  A black bear (D:5)
  3 centaurs
  2 phantoms
  5 kobold brigands
  4 elf zombies (Ossuary)
  4 bullfrogs
  3 scorpions
  6 killer bees (D:8)
  2 howler monkeys (D:8)
  A centaur zombie (Ossuary)
  2 human zombies (Ossuary)
  3 bombardier beetles
  A gnoll bouda (D:4)
  4 hounds
  A jelly (D:6)
  4 orc priests
  Jessica (D:2)
  3 iguanas
  4 orc wizards
  2 crocodile zombies (Ossuary)
  4 spectral hounds (Ossuary)
  4 mummies (Ossuary)
  17 adders
  6 gnolls
  A white imp (D:7)
  4 spectral gnolls (Ossuary)
  3 dart slugs
  A ribbon worm (D:2)
  3 adder simulacra (Ossuary)
  20 orcs
  7 endoplasms
  2 giant cockroaches
  7 gnoll zombies (Ossuary)
  6 goblins
  7 hobgoblins
  3 jackals (D:3)
  5 quokkas
  8 ball pythons
  6 bats
  3 frilled lizards
  5 gnoll simulacra (Ossuary)
  2 jackal simulacra (Ossuary)
  37 kobolds
  3 kobold zombies (Ossuary)
  6 orc zombies (Ossuary)
  5 rats
  2 spectral jackals (Ossuary)
252 creatures vanquished.

Vanquished Creatures (others)
  A phantom (D:4)
  2 sleepcaps
  2 orc wizards
5 creatures vanquished.

Grand Total: 257 creatures vanquished

Notes
Turn   | Place    | Note
-------+----------+-------------------------------------------
     0 | D:1      | Nattefrost the Minotaur Gladiator began the quest for the
                  | Orb.
     0 | D:1      | Reached XP level 1. HP: 18/18 MP: 0/0
   273 | D:1      | Reached XP level 2. HP: 25/25 MP: 1/1
   693 | D:2      | Reached skill level 4 in Polearms
   693 | D:2      | Reached skill level 1 in Armour
   732 | D:2      | Reached XP level 3. HP: 13/31 MP: 2/2
   748 | D:2      | Noticed Jessica
   756 | D:2      | Killed Jessica
   901 | D:2      | Reached XP level 4. HP: 32/40 MP: 3/3
  1139 | D:2      | Found Buiqinunk's Antique Weapon Shop.
  1335 | D:2      | Reached skill level 5 in Polearms
  1335 | D:2      | Reached XP level 5. HP: 46/46 MP: 4/4
  1470 | D:3      | Found a hazy altar of Hepliaklqana.
  1628 | D:3      | Found an iron altar of Okawaru.
  1662 | D:3      | Found a shimmering blue altar of Sif Muna.
  1663 | D:3      | Found an ancient bone altar of Kikubaaqudgha.
  1664 | D:3      | Found a white marble altar of Elyvilon.
  1665 | D:3      | Found a blossoming altar of Fedhas.
  1671 | D:3      | Became a worshipper of Fedhas Madash
  1812 | D:3      | You fall into a shaft and drop 1 floor!
  1829 | D:4      | Found Jyhav's Tremendous Tomes.
  1855 | D:4      | Found Bigh's General Store.
  1863 | D:4      | Noticed a phantom
  1882 | D:4      | Bought 3 scrolls of teleportation for 117 gold pieces
  1902 | D:4      | Reached XP level 6. HP: 33/53 MP: 5/5
  2046 | D:4      | Noticed Pikel
  2057 | D:4      | Killed Pikel
  2058 | D:4      | Reached skill level 5 in Fighting
  2058 | D:4      | Reached skill level 7 in Polearms
  2058 | D:4      | Reached XP level 7. HP: 50/61 MP: 5/7
  2177 | D:4      | Reached * piety under Fedhas
  2807 | D:5      | Entered Level 5 of the Dungeon
  2953 | D:5      | Reached skill level 5 in Armour
  2958 | D:5      | Reached XP level 8. HP: 32/70 MP: 9/9
  3263 | D:5      | Reached skill level 8 in Polearms
  3533 | D:5      | Noticed a hornet
  3544 | D:5      | Killed a hornet
  3545 | D:5      | Reached skill level 9 in Polearms
  3847 | D:3      | Reached ** piety under Fedhas
  4399 | D:5      | Found a runed translucent gate.
  4399 | D:5      | Found a runed translucent gate.
  4399 | D:5      | Found a runed translucent gate.
  4399 | D:5      | Noticed basamash's ghost (amateur MDFi)
  4502 | D:5      | Reached XP level 9. HP: 79/79 MP: 11/11
  4527 | D:5      | Killed basamash's ghost
  4815 | D:6      | Found Ehuvvonk's Weapon Shop.
  4816 | D:6      | Found Ashuwer's Antique Weapon Shop.
  4817 | D:6      | Found Weopacw's Distillery.
  5017 | D:6      | Reached *** piety under Fedhas
  5364 | D:6      | Found a staircase to the Ecumenical Temple.
  5381 | D:6      | Reached skill level 10 in Polearms
  5407 | D:6      | Reached skill level 5 in Invocations
  5628 | D:7      | Noticed Joseph
  5737 | D:7      | Killed Joseph
  6016 | D:7      | Found a sand-covered staircase.
  6160 | Ossuary  | Entered an ossuary
  6427 | Ossuary  | Reached **** piety under Fedhas
  6627 | D:7      | Found an ornate altar of the Wu Jian Council.
  6762 | D:7      | Found a transporter.
  6772 | D:7      | Found a transporter.
  6775 | D:7      | Noticed a moth of wrath
  6781 | D:7      | Noticed Pim's ghost (novice HuIE)
  6781 | D:7      | Found the +1 cloak of Starlight {*Dazzle EV+4 Stlth--}
  6916 | D:7      | Gained mutation: Potions are less effective at restoring
                  | your health. [potion of mutation]
  6917 | D:7      | Lost mutation: Potions are less effective at restoring your
                  | health. [potion of mutation]
  6917 | D:7      | Gained mutation: You are resistant to electric shocks.
                  | (rElec) [potion of mutation]
  6917 | D:7      | Gained mutation: Your body sometimes deteriorates upon
                  | taking damage. [potion of mutation]
  6917 | D:7      | Gained mutation: Your muscles are strong. (Str +4, Int/Dex
                  | -1) [potion of mutation]
  6976 | D:8      | Reached XP level 10. HP: 90/90 MP: 13/13
  6996 | D:8      | Noticed a two-headed ogre
  7017 | D:8      | Killed a two-headed ogre
  7018 | D:8      | Reached skill level 11 in Polearms
  7111 | D:8      | Noticed Psyche
  7120 | D:8      | Killed Psyche
  7479 | D:8      | Reached ***** piety under Fedhas
  7849 | D:8      | Reached skill level 5 in Dodging
  8151 | D:9      | Noticed Maurice
  8162 | D:9      | Maurice stole 334 gold
  8167 | D:9      | Something stole 256 gold
  8190 | D:9      | Killed Maurice
  8191 | D:9      | Reached skill level 10 in Fighting
  8356 | D:9      | Noticed a smoke demon
  8364 | D:9      | Noticed a sun demon
  8371 | D:9      | Reached skill level 12 in Polearms
  8375 | D:9      | HP: 4/94 [burnt (4)]
  8377 | D:9      | Incinerated by a smoke demon

Illustrated notes

Levels and vault maps discovered:
D:1:      evilmike_arrival_rings, layout_loops_cross
D:2:      layout_rooms, serial_shops, shop, minmay_snake_closets, uniq_jessica
D:3:      cheibrodos_thug_alley, layout_loops_ring,
          chequers_temple_overflow_statue_of_worship, general_overflow_altar,
          okawaru_gym_becter
D:4:      minmay_chambers_of_twos, layout_basic, serial_shops,
          nicolae_shop_tiny_waterfront, nicolae_shop_i_like_big_books,
          minmay_cupped, uniq_pikel
D:5:      layout_cave_pools, gammafunk_ghost_nasty_kobolds
D:6:      layout_loops_corners, minmay_temple_entry_slanted,
          nicolae_shop_distant_corner_stores
D:7:      layout_basic, mainiacjoe_overflow_brackets, enter_ossuary_2,
          gammafunk_ghost_berserking_beasts, uniq_joseph
D:8:      layout_basic, nrook_campfire, uniq_psyche
D:9:      layout_cave_pools, nicolae_qazlal_eye_of_the_storm, serial_park,
          serial_park_tiny_pond, serial_park_gazebo
          [serial_park_minivault_5x5_3], serial_park_tiny_1,
          serial_park_tiny_pond, serial_park_tiny_1, uniq_maurice

Skill      XL: |  1  2  3  4  5  6  7  8  9 10 |
---------------+-------------------------------+-----
Polearms       | 4 5 7 9 10 12 | 12.0
Armour         | 1 2 3 4 5 6 8 |  8.0
Fighting       | 3 4 5 7 8 10 | 10.3
Invocations    | 2 4 6 7 |  7.6
Dodging        | 5 |  5.0
Throwing       | |  2.0

Action                     |  1- 3 |  4- 6 |  7- 9 | 10-12 || total
---------------------------+-------+-------+-------+-------++-------
  Melee: Trident           |    43 |   104 |   459 |   166 ||   772
         Headbutt          |     5 |    13 |    87 |    34 ||   139
         Unarmed           |       |       |       |     8 ||     8
  Throw: Throwing net      |     1 |       |     2 |     3 ||     6
 Invoke: Grow Ballistomyce |       |       |       |     1 ||     1
  Evoke: Wand              |       |       |     2 |     3 ||     5
    Use: Scroll            |       |     7 |    11 |       ||    18
         Potion            |       |       |     4 |     4 ||     8
   Stab: Held in net/web   |     1 |       |       |     1 ||     2
         Sleeping          |       |     3 |       |       ||     3
 Armour: Leather armour    |    11 |    12 |       |       ||    23
         Chain mail        |       |    27 |   225 |   124 ||   376
         Skin              |       |       |       |     1 ||     1
  Dodge: Dodged            |    22 |    57 |   241 |   112 ||   432

Table legend: (Time is in decaauts)
 A = Elapsed time spent in this place.
 B = Non-inter-level travel time spent in this place.
 C = Inter-level travel time spent in this place.
 D = Time resting spent in this place.
 E = Time spent auto-exploring this place.
 F = Levels seen in this place.
 G = Mean time per level.
                   A        B        C        D        E       F      G
               +--------+--------+--------+--------+--------+-----+--------+
         Total |   8264 |   7965 |    299 |   1697 |   4815 |  10 |  826.4 |
       Dungeon |   7912 |   7613 |    299 |   1697 |   4620 |   9 |  879.1 |
       Ossuary |    351 |    351 |      0 |      0 |    195 |   1 |  351.0 |
               +--------+--------+--------+--------+--------+-----+--------+

Top non-repeatable levels by time:
     D:5: 1408 daAuts
     D:8: 1278 daAuts
     D:4: 1036 daAuts
     D:6: 946 daAuts
     D:7: 858 daAuts
     D:3: 838 daAuts
     D:2: 794 daAuts
     D:1: 643 daAuts
 Ossuary: 351 daAuts
     D:9: 108 daAuts
